 Dungeon Crawl Stone Soup version 0.20-b1-24-gb21faa7 (webtiles) character file.

37793 theElss the Devastator (level 13, -1/68 HPs)
             Began as a Deep Elf Conjurer on May 25, 2017.
             Was an Elder of Vehumet.
             Slain by a hornet (11 damage)
             ... on level 6 of the Lair of Beasts.
             The game lasted 01:32:14 (25731 turns).

theElss the Devastator (Deep Elf Conjurer)         Turns: 25731, Time: 01:32:15

Health: -1/68      AC: 11    Str:  5    XL:     13   Next: 60%
Magic:  6/35       EV: 12    Int: 29    God:    Vehumet [****..]
Gold:   1131       SH:  6    Dex: 17    Spells: 14/45 levels left

rFire    x . .     SeeInvis .   a - +6 spear of Huerytt {pain, Int+3 Dex+2}
rCold    + . .     Gourm    .   p - +0 buckler
rNeg     . . .     Faith    +   k - +0 leather armour
rPois    .         Spirit   .   H - +1 helmet
rElec    .         Reflect  .   G - +1 cloak
rCorr    .         Harm     .   I - +1 pair of gloves
MR       +....                  F - +0 pair of boots
Stlth    ++........             y - amulet of faith
Regen    0.3/turn               M - ring of wizardry
MPRegen  0.3/turn               q - ring of ice

@: lethally poisoned (-1 -> -7), slowed, very slow
A: no striking features
a: Renounce Religion


You were on level 6 of the Lair of Beasts.
You worshipped Vehumet.
Vehumet was greatly pleased with you.
You were not hungry.

You visited 3 branches of the dungeon, and saw 18 of its levels.

You collected 1235 gold pieces.
You spent 104 gold pieces at shops.

Inventory:

Hand Weapons
 a - the +6 spear of Huerytt (weapon) {pain, Int+3 Dex+2}
   (You found it on level 6 of the Dungeon)

   In the hands of one skilled in necromantic magic, it inflicts extra damage on
   living creatures.
   It affects your intelligence (+3).
   It affects your dexterity (+2).
Armour
 k - a +0 leather armour (worn)
 p - a +0 buckler (worn)
 F - a +0 pair of boots (worn)
 G - a +1 cloak (worn)
 H - a +1 helmet (worn)
 I - a +1 pair of gloves (worn)
Magical Staves
 b - an uncursed staff of poison
 T - an uncursed staff of wizardry
Jewellery
 f - an uncursed ring of stealth
 l - an uncursed ring of teleportation
 q - a ring of ice (right hand)
 t - an uncursed ring of flight
 u - an uncursed ring of wizardry
 x - an uncursed amulet of rage
 y - an amulet of faith (around neck)
 M - a ring of wizardry (left hand)
 P - an uncursed ring of protection from cold
 U - a +3 ring of dexterity
Wands
 e - a wand of iceblast (10/15)
 g - a wand of scattershot (4/9)
 w - a wand of acid (6/15)
 B - a wand of random effects (21/48)
 C - a wand of confusion (32/48)
 Q - a wand of enslavement (7/24)
 S - a wand of confusion (21/48)
 W - a wand of disintegration (16/24)
Scrolls
 d - 4 scrolls of fog
 i - a scroll of fear
 j - 6 scrolls of teleportation
 o - a scroll of blinking
 r - 5 scrolls of remove curse
 J - a scroll of summoning
 K - a scroll of identify
 L - 4 scrolls of recharging
 R - a scroll of magic mapping {unknown}
Potions
 h - a potion of might
 n - 3 potions of curing
 s - 6 potions of brilliance
 E - a potion of haste
 N - a potion of flight
 O - a potion of agility
Books
 v - a book of Party Tricks

   Spells                             Type                      Level
   a - Summon Butterflies             Summoning                    1
   b - Apportation                    Translocation                1
   c - Lesser Beckoning               Translocation                3
   d - Tukima's Dance                 Hexes                        3
   e - Alistair's Intoxication        Transmutation/Poison         5
   f - Invisibility                   Hexes                        6
Comestibles
 c - 11 bread rations
 m - 10 meat rations
 A - 9 royal jellies
 D - 4 fruits


   Skills:
 + Level 2.3 Fighting
 + Level 4.7 Armour
 - Level 2.8 Dodging
 - Level 2.8 Stealth
 + Level 5.6 Shields
 + Level 16.6 Spellcasting
 * Level 16.7 Conjurations
 * Level 7.3 Fire Magic


You had 14 spell levels left.
You knew the following spells:

 Your Spells              Type           Power        Failure   Level  Hunger
a - Magic Dart            Conj           ####         0%          1    None
b - Force Lance           Conj/Tloc      ######..     1%          4    None
c - Searing Ray           Conj           ######       0%          2    None
d - Iskenderun's Mystic   Conj           #######.     1%          4    None
e - Fulminant Prism       Conj/Hex       ######....   1%          4    None
f - Flame Tongue          Conj/Fire      #####        0%          1    None
g - Mephitic Cloud        Conj/Pois/Air  ######..     1%          3    None
h - Blink                 Tloc           N/A          1%          2    None
i - Conjure Flame         Conj/Fire      #######.     1%          3    None
j - Stone Arrow           Conj/Erth      ######       1%          3    None
k - Sticky Flame          Conj/Fire      #######.     1%          4    None


Dungeon Overview and Level Annotations

Branches:
Dungeon (11/15)            Temple (1/1) D:7            Lair (6/6) D:9
  Swamp (0/4) Lair:2       Spider (0/4) Lair:3
  Slime: Lair:5-6       Orc: D:9-12

Altars:
Ashenzari
Cheibriados
Dithmenos
Elyvilon
Fedhas
Gozag
Hepliaklqana
Kikubaaqudgha
Makhleb
Nemelex Xobeh
Okawaru
Qazlal
Ru
Sif Muna
Trog
Uskayaw
Vehumet
Xom
Yredelemnul
Zin
The Shining One

Shops:
D:5 ([**%   D:9 ***


Message History

* * * LOW HITPOINT WARNING * * *
You feel yourself slow down.
Unknown command.
You feel much better.
The hornet stings you but does no damage.
The spriggan barely misses you.
The hornet stings you but does no damage.
The spriggan hits you with a dagger. You block the hornet's attack.
The spriggan hits you but does no damage.
The hornet stings you!
* * * LOW HITPOINT WARNING * * *
You are poisoned.
You feel as though you will be slow longer.
The wolf howls!
There is a stone staircase leading up, spattered with blood here.
You feel sick. The wolf bites you.
* * * LOW HITPOINT WARNING * * *
The hornet stings you!
You die...

.........#..#.#
............(.#
.....h..#
........#
........##
.........#
........## #
......iyh##'...
.......@.......
...............
.##...####P##..
#.#P ## # ####


You could see a hornet, a spriggan and 2 wolves.

Vanquished Creatures
  Rupert (Lair:5)
  Harold (Lair:2)
  2 hydras
  4 two-headed ogres
  A death yak (Lair:5)
  An unseen horror (D:10)
  An ugly thing (D:11)
  3 oklob plants (Lair:3)
  A black mamba (Lair:4)
  3 elephants (Lair:6)
  Maurice (D:9)
  10 spiny frogs
  Psyche (D:9)
  A rime drake (Lair:6)
  5 komodo dragons
  A queen bee (D:8)
  2 hornets
  The ghost of gottagoquickly the Cleaver, an amateur MiBe of Trog (D:6)
  A polar bear (Lair:4)
  Prince Ribbit (Lair:2)
  12 blink frogs
  4 dream sheep (Lair:6)
  7 hippogriffs
  2 redbacks (Lair:3)
  44 yaks
  A spriggan (Lair:6)
  A wyvern (D:11)
  4 basilisks
  9 porcupines
  14 water moccasins
  3 orc warriors
  An ice beast (D:11)
  5 sky beasts
  A black bear (Lair:6)
  8 ogres
  4 phantoms
  A boggart (Lair:6)
  4 wolves (Lair:6)
  7 crocodiles
  4 centaurs
  A big kobold (D:8)
  15 bullfrogs
  2 wyvern skeletons
  A water moccasin zombie (D:10)
  2 scorpions
  20 killer bees
  A howler monkey (D:3)
  6 crimson imps
  3 quasits
  2 bullfrog zombies
  2 jellies
  A centaur zombie (D:6)
  6 hounds
  Crazy Yiuf (D:2)
  5 orc priests
  A bullfrog skeleton (D:9)
  Terence (D:2)
  2 iguanas (D:8)
  13 orc wizards
  9 worker ants
  A killer bee zombie (D:5)
  3 hound zombies
  A hound skeleton (D:5)
  2 worker ant zombies
  Robin (D:2)
  4 gnolls (D:6)
  6 adders
  3 shadow imps
  3 oozes
  An adder skeleton (D:4)
  3 worms
  6 dart slugs
  6 leopard geckos
  51 orcs
  8 bats
  9 giant cockroaches
  12 goblins
  8 hobgoblins
  6 jackals
  10 kobolds
  5 quokkas
  3 ball pythons
  6 frilled lizards
  2 leopard gecko skeletons (D:5)
  3 quokka skeletons
  2 quokka zombies
  7 rats
  A fulminant prism (Lair:3)
  A fungus (Lair:2)
  A plant (Lair:3)
447 creatures vanquished.

Vanquished Creatures (others)
  9 bushes
  8 fulminant prisms
  11 fungi
  4 plants (Lair:5)
32 creatures vanquished.

Grand Total: 479 creatures vanquished

Notes
Turn   | Place    | Note
-------+----------+-------------------------------------------
     0 | D:1      | theElss the Deep Elf Conjurer began the quest for the Orb.
     0 | D:1      | Reached XP level 1. HP: 10/10 MP: 6/6
   129 | D:1      | Reached XP level 2. HP: 15/15 MP: 5/8
   175 | D:1      | Learned a level 2 spell: Searing Ray
   232 | D:1      | Reached skill level 5 in Conjurations
   598 | D:1      | Reached XP level 3. HP: 19/19 MP: 5/9
  1330 | D:2      | Noticed Terence
  1691 | D:2      | Killed Terence
  1691 | D:2      | Reached XP level 4. HP: 19/24 MP: 2/11
  1697 | D:2      | Learned a level 4 spell: Iskenderun's Mystic Blast
  2001 | D:2      | Found a runed door.
  2118 | D:2      | Noticed Robin
  2284 | D:2      | Killed Robin
  2284 | D:2      | Reached skill level 1 in Shields
  2523 | D:2      | Noticed Crazy Yiuf
  2527 | D:2      | Killed Crazy Yiuf
  2527 | D:2      | Reached XP level 5. HP: 14/28 MP: 1/12
  4217 | D:4      | Reached XP level 6. HP: 32/32 MP: 9/13
  5150 | D:5      | Entered Level 5 of the Dungeon
  5153 | D:5      | Noticed a sky beast
  5378 | D:5      | Killed a sky beast
  5378 | D:5      | Reached XP level 7. HP: 36/36 MP: 9/14
  5385 | D:5      | Reached skill level 5 in Shields
  5555 | D:5      | Found Teituwaj's Antique Weapon Shoppe.
  5745 | D:5      | Reached skill level 1 in Armour
  5872 | D:5      | Found Engaifad's Assorted Antiques.
  5922 | D:5      | Reached skill level 5 in Spellcasting
  6083 | D:5      | Found Qamuhowk's Antique Armour Emporium.
  6252 | D:5      | Found an opulent altar of Gozag.
  6253 | D:5      | Found a glowing silver altar of Zin.
  6295 | D:5      | Found Tagistuphe's General Store.
  6300 | D:5      | Bought a scroll of identify for 26 gold pieces
  6300 | D:5      | Bought 2 scrolls of teleportation for 78 gold pieces
  6326 | D:5      | Found a shattered altar of Ashenzari.
  6500 | D:5      | Found a sacrificial altar of Ru.
  6617 | D:5      | Reached XP level 8. HP: 42/42 MP: 1/18
  6724 | D:6      | Reached skill level 1 in Fighting
  6989 | D:5      | Found Noifru's Food Boutique.
  7196 | D:6      | Found a snail-covered altar of Cheibriados.
  7202 | D:6      | Noticed gottagoquickly's ghost (amateur MiBe)
  7564 | D:6      | Got an ichor-stained spear
  7565 | D:6      | Identified the +6 spear of Huerytt {pain, Int+3 Dex+2} (You found it on level 6 of the Dungeon)
  7603 | D:6      | Killed gottagoquickly's ghost
  8323 | D:6      | Learned a level 4 spell: Force Lance
  8328 | D:6      | Learned a level 4 spell: Fulminant Prism
  8611 | D:6      | Reached XP level 9. HP: 37/47 MP: 11/23
  8761 | D:7      | Found a staircase to the Ecumenical Temple.
  8785 | D:7      | Found a hide-covered altar of Uskayaw.
  8795 | Temple   | Entered the Ecumenical Temple
  9207 | D:7      | Found a shimmering altar of Xom.
 10554 | D:8      | Noticed a two-headed ogre
 10560 | D:8      | Killed a two-headed ogre
 10560 | D:8      | Reached skill level 10 in Spellcasting
 10682 | D:8      | Reached skill level 10 in Conjurations
 10859 | D:8      | Found a radiant altar of Vehumet.
 10859 | D:8      | Noticed a queen bee
 10864 | D:8      | Killed a queen bee
 10972 | D:8      | Reached XP level 10. HP: 52/52 MP: 18/26
 10983 | D:8      | Became a worshipper of Vehumet
 11272 | D:8      | Noticed a two-headed ogre
 11276 | D:8      | Killed a two-headed ogre
 12109 | D:9      | Noticed Maurice
 12141 | D:9      | Found a staircase to the Lair.
 12190 | D:9      | Killed Maurice
 12415 | D:9      | Noticed a two-headed ogre
 12419 | D:9      | Killed a two-headed ogre
 12595 | D:9      | Reached * piety under Vehumet
 12595 | D:9      | Offered knowledge of Flame Tongue by Vehumet.
 12597 | D:9      | Noticed Psyche
 12598 | D:9      | Learned a level 1 spell: Flame Tongue
 12601 | D:9      | Killed Psyche
 12606 | D:9      | Learned a level 3 spell: Mephitic Cloud
 12609 | D:9      | Learned a level 2 spell: Blink
 12738 | D:9      | Found Fit Qay's Assorted Antiques.
 12739 | D:9      | Found Medi's General Store.
 13264 | D:9      | Reached XP level 11. HP: 56/56 MP: 18/29
 13593 | D:9      | Found an iron altar of Okawaru.
 13651 | D:9      | Found Unleluips's Assorted Antiques.
 13815 | D:10     | Entered Level 10 of the Dungeon
 13826 | D:10     | Offered knowledge of Shock by Vehumet.
 13829 | D:10     | Reached ** piety under Vehumet
 13972 | D:10     | You fall through a shaft!
 14220 | D:10     | Noticed a two-headed ogre
 14414 | D:10     | Killed a two-headed ogre
 14542 | D:10     | Learned a level 3 spell: Conjure Flame
 15037 | D:10     | Reached skill level 1 in Fire Magic
 15072 | D:10     | Killed an unseen horror
 15515 | D:11     | Noticed a cyan ugly thing
 15967 | D:11     | Killed a cyan ugly thing
 15967 | D:11     | Offered knowledge of Static Discharge by Vehumet.
 16413 | D:11     | Reached *** piety under Vehumet
 17060 | Lair:1   | Entered Level 1 of the Lair of Beasts
 17433 | Lair:1   | Offered knowledge of Stone Arrow by Vehumet.
 17523 | Lair:1   | Learned a level 3 spell: Stone Arrow
 18119 | Lair:2   | Noticed Harold
 18564 | Lair:2   | Reached XP level 12. HP: 62/62 MP: 17/32
 19395 | Lair:2   | Killed Harold
 19515 | Lair:2   | Noticed Prince Ribbit
 19535 | Lair:2   | Killed Prince Ribbit
 19537 | Lair:2   | Reached **** piety under Vehumet
 19630 | Lair:2   | Found a staircase to the Swamp.
 20490 | Lair:3   | Found a hole to the Spider Nest.
 20648 | Lair:3   | Reached skill level 5 in Fire Magic
 20750 | Lair:3   | Offered knowledge of Lightning Bolt by Vehumet.
 20940 | Lair:3   | Reached skill level 15 in Spellcasting
 20974 | Lair:3   | Reached skill level 15 in Conjurations
 22294 | Lair:4   | Found a stormy altar of Qazlal.
 23178 | Lair:5   | Reached XP level 13. HP: 66/66 MP: 25/34
 23275 | Lair:5   | Noticed Rupert
 23284 | Lair:5   | Killed Rupert
 24358 | Lair:5   | Reached ***** piety under Vehumet
 24390 | Lair:5   | Offered knowledge of Sticky Flame by Vehumet.
 24408 | Lair:5   | Learned a level 4 spell: Sticky Flame
 24945 | Lair:6   | Entered Level 6 of the Lair of Beasts
 25728 | Lair:6   | HP: 1/68 [hornet (10)]
 25731 | Lair:6   | Slain by a hornet

Skill      XL: |  1  2  3  4  5  6  7  8  9 10 11 12 13 |
---------------+----------------------------------------+-----
Conjurations   | 5 6 8 10 12 13 15 16 | 16.7
Shields        | 1 3 4 5 |  5.6
Spellcasting   | 5 8 10 12 14 15 16 | 16.6
Armour         | 1 2 3 4 |  4.7
Fighting       | 1 2 |  2.3
Fire Magic     | 3 6 7 |  7.3
Dodging        | |  2.8
Stealth        | |  2.8

Action                   |  1- 3 |  4- 6 |  7- 9 | 10-12 | 13-15 || total
-------------------------+-------+-------+-------+-------+-------++-------
Melee: Unarmed           |     6 |     1 |       |       |       ||     7
       Hand axe          |       |     7 |       |       |       ||     7
       Spear             |       |       |     1 |    17 |     6 ||    24
 Cast: Magic Dart        |    57 |    74 |    84 |   109 |    16 ||   340
       Searing Ray       |    10 |    14 |    40 |    30 |     2 ||    96
       Iskenderun's Myst |       |    14 |    80 |   341 |   109 ||   544
       Fulminant Prism   |       |       |     1 |     8 |       ||     9
       Force Lance       |       |       |       |    14 |    15 ||    29
       Mephitic Cloud    |       |       |       |    10 |     4 ||    14
       Stone Arrow       |       |       |       |     2 |       ||     2
       Blink             |       |       |       |       |     4 ||     4
       Sticky Flame      |       |       |       |       |     3 ||     3
  Use: Potion            |       |     6 |       |       |     3 ||     9
       Scroll            |       |       |     7 |    14 |     2 ||    23
  Eat: Chunk             |     2 |    12 |    19 |    36 |     8 ||    77
       Royal jelly       |       |     1 |     1 |       |       ||     2
       Fruit             |       |       |       |     2 |       ||     2
Armor: Leather armour    |     6 |    12 |    10 |    35 |    17 ||    80
Dodge: Dodged            |    12 |    26 |    36 |    62 |    28 ||   164
Block: Buckler           |       |     5 |    15 |    31 |    15 ||    66
